 Dungeon Crawl Stone Soup version 0.21.1-1-g345015fe64 (webtiles) character file.

938 Kejsarherre the Magician (level 7, 0/52 HPs)
             Began as a Mummy Summoner on May 8, 2018.
             Shot with an arrow by a centaur (12 damage)
             ... on level 6 of the Dungeon.
             The game lasted 00:16:59 (5786 turns).

Kejsarherre the Magician (Mummy Summoner)           Turns: 5786, Time: 00:17:00

Health: 0/52       AC:  7    Str: 12    XL:     7   Next: 87%
Magic:  5/14       EV: 11    Int: 15    God:
Gold:   311        SH:  0    Dex: 13    Spells: 9/16 levels left

rFire    x . .     SeeInvis .   n - +2 dagger (venom)
rCold    + . .     Gourm    .   (no shield)
rNeg     + + +     Faith    .   o - +0 leather armour
rPois    ∞         Spirit   .   (no helmet)
rElec    .         Reflect  .   a - +0 cloak
rCorr    .         Harm     .   (no gloves)
MR       .....                  i - +2 pair of boots
Stlth    ++........             (no amulet)
HPRegen  0.17/turn              (no ring)
MPRegen  0.14/turn              (no ring)

@: very slightly contaminated
A: no food or potions, fire vulnerability, cold resistance 1, negative energy
resistance 3, torment resistance, unbreathing
a: no special abilities


You were on level 6 of the Dungeon.
You were not hungry.

You visited 1 branch of the dungeon, and saw 6 of its levels.

You collected 311 gold pieces.

Inventory:

Hand Weapons
 e - a +0 short sword
 n - a +2 dagger of venom (weapon)
Armour
 a - a +0 cloak (worn)
 i - a +2 pair of boots (worn)
 o - a +0 leather armour (worn)
Wands
 p - a wand of paralysis (17)
Scrolls
 d - 2 scrolls of immolation
 g - 2 scrolls of remove curse
 h - 2 scrolls of fog
 j - a scroll of enchant armour {unknown}
 k - 2 scrolls of blinking {unknown}
Books
 b - a book of Callings

   Spells                             Type                      Level
   a - Summon Small Mammal            Summoning                    1
   b - Call Imp                       Summoning                    2
   c - Call Canine Familiar           Summoning                    3
   d - Summon Guardian Golem          Hexes/Summoning              3
   e - Summon Lightning Spire         Summoning/Air                4
   f - Summon Ice Beast               Ice/Summoning                4


   Skills:
 - Level 3.2 Fighting
 + Level 3.6 Armour
 - Level 1.5 Dodging
 - Level 1.5 Stealth
 - Level 5.0 Spellcasting
 - Level 4.3 Summonings
 + Level 3.6 Air Magic


You had 9 spell levels left.
You knew the following spells:

 Your Spells              Type           Power        Failure   Level  Hunger
a - Call Imp              Summ           ###.....     5%          2    N/A
b - Summon Small Mammal   Summ           ###.         3%          1    N/A
c - Summon Lightning Spi  Summ/Air       ###.....     36%         4    N/A

Dungeon Overview and Level Annotations

Branches:
Dungeon (6/15)
 Temple: D:4-7

Altars:
Kikubaaqudgha
Qazlal

Shops:
D:5 (

Annotations:
D:4 Edmund


Innate Abilities, Weirdness & Mutations

You do not eat or drink.
Your flesh is vulnerable to fire.
You are immune to poison.
Your flesh is cold resistant. (rC+)
You are immune to negative energy. (rN+++)
You are immune to unholy pain and torment.
You can survive without breathing.


Message History

The orc priest is lightly wounded.
The crimson imp hits you. The orc priest closely misses you.
You hit the crimson imp.
You kill the crimson imp!
The orc priest barely misses you.
You hit the orc priest.
The orc priest looks as sick as possible!
The orc priest is moderately wounded.
The orc priest hits you but does no damage.
You hit the orc priest.
The orc priest looks as sick as possible!
The orc priest is severely wounded.
The orc priest hits you.
* * * LOW HITPOINT WARNING * * *
Casting: Summon Lightning Spire
Confirm with . or Enter, or press ? or * to list all spells.
A beastly little devil appears in a puff of frigid air.
You kill the orc priest!
The centaur shoots an arrow.
The arrow hits you!
You die...

#.#
##.###############
#...5...oo.c(o..(#
#.5############.##
#...#####.... #.#
#.[.o...o.# #c#
#.($#####.oo. #.#
#.... # #[# #.#.##
#@# #.#.. #.#
#.#.# #5# #..<.
#.# ######## #.#
..#... #.# #.#.#
#.# #<..# #.#
##''## #.#


You could see a centaur and a friendly white imp.

Vanquished Creatures
  A sky beast (D:5)
  An ice beast (D:5)
  A scorpion (D:5)
  2 crimson imps
  Crazy Yiuf (D:5)
  3 orc priests
  An orc wizard (D:5)
  A centaur skeleton (D:5)
  A worker ant (D:6)
  A hound skeleton (D:5)
  An adder (D:5)
  An adder skeleton (D:5)
  A dart slug (D:3)
  6 orcs
  2 bats (D:3)
  2 giant cockroaches
  6 goblins
  3 hobgoblins
  A jackal (D:6)
  2 kobolds
  2 quokkas (D:2)
  3 frilled lizards
  2 rats
  A fungus (D:5)
46 creatures vanquished.

Vanquished Creatures (collateral kills)
  Menkaure (D:4)
  2 ogres (D:6)
  A bullfrog (D:4)
  A water moccasin skeleton (D:3)
  A howler monkey (D:5)
  A jelly (D:6)
  2 orc wizards
  Ijyb (D:4)
  A worker ant (D:5)
  A hound skeleton (D:4)
  A howler monkey zombie (D:5)
  6 adders
  An adder zombie (D:6)
  3 worms
  2 dart slugs
  2 leopard geckos
  2 orcs
  2 bats (D:2)
  5 giant cockroaches
  4 goblins
  4 hobgoblins
  5 jackals
  2 quokkas
  A ball python (D:4)
  2 frilled lizards (D:1)
  4 kobolds
  A leopard gecko skeleton (D:5)
59 creatures vanquished.

Grand Total: 105 creatures vanquished

Notes
Turn   | Place    | Note
-------+----------+-------------------------------------------
     0 | D:1      | Kejsarherre the Mummy Summoner began the quest for the Orb.
     0 | D:1      | Reached XP level 1. HP: 13/13 MP: 4/4
   335 | D:1      | Reached skill level 3 in Spellcasting
   623 | D:1      | Reached XP level 2. HP: 20/20 MP: 0/6
   627 | D:1      | Learned a level 2 spell: Call Imp
  1104 | D:2      | Reached skill level 1 in Fighting
  1367 | D:2      | Reached XP level 3. HP: 12/26 MP: 2/7
  2264 | D:2      | Found an ancient bone altar of Kikubaaqudgha.
  2799 | D:3      | Reached skill level 4 in Spellcasting
  2799 | D:3      | Reached XP level 4. HP: 20/33 MP: 3/10
  3021 | D:4      | Noticed a bullfrog
  3027 | D:4      | Killed a bullfrog
  3027 | D:4      | Reached XP level 5. HP: 39/39 MP: 8/11
  3140 | D:4      | Noticed Menkaure
  3147 | D:4      | Killed Menkaure
  3240 | D:4      | Found a stormy altar of Qazlal.
  3307 | D:4      | Noticed Edmund
  3712 | D:4      | Reached skill level 5 in Spellcasting
  3712 | D:4      | Reached XP level 6. HP: 13/47 MP: 9/13
  3961 | D:4      | Learned a level 4 spell: Summon Lightning Spire
  3995 | D:4      | Noticed Ijyb
  4006 | D:4      | Killed Ijyb
  4464 | D:5      | Entered Level 5 of the Dungeon
  4545 | D:5      | Reached skill level 1 in Armour
  4545 | D:5      | Reached skill level 1 in Air Magic
  5007 | D:5      | Noticed an ice beast
  5055 | D:5      | Killed an ice beast
  5055 | D:5      | Reached XP level 7. HP: 41/52 MP: 2/14
  5192 | D:5      | Found Pypahepe's Weapon Emporium.
  5486 | D:5      | Got a twisted mace
  5488 | D:5      | Found a runed door.
  5490 | D:5      | Identified the cursed +0 mace of Sudden Death {freeze, rPois Dex+3} (You found it on level 5 of the Dungeon)
  5495 | D:5      | Noticed Crazy Yiuf
  5500 | D:5      | Killed Crazy Yiuf
  5786 | D:6      | Shot with an arrow by a centaur

Skill      XL: |  1  2  3  4  5  6  7 |
---------------+----------------------+-----
Spellcasting   | 3 4 5 |  5.0
Fighting       | 1 2 3 |  3.2
Summonings     | 4 |  4.3
Armour         | 2 3 |  3.6
Air Magic      | 2 3 |  3.6
Dodging        | |  1.5
Stealth        | |  1.5

Action                   |  1- 3 |  4- 6 |  7- 9 || total
-------------------------+-------+-------+-------++-------
Melee: Unarmed           |     6 |       |       ||     6
       Short sword       |    81 |    33 |       ||   114
       Dagger            |       |   105 |    72 ||   177
 Cast: Summon Small Mamm |    28 |       |       ||    28
       Call Imp          |    29 |    49 |    20 ||    98
       Summon Lightning  |       |       |     1 ||     1
  Use: Scroll            |       |     6 |     2 ||     8
 Stab: Sleeping          |     3 |     1 |       ||     4
       Distracted        |       |     3 |       ||     3
Armor: Robe              |    28 |     6 |       ||    34
       Leather armour    |       |    26 |    17 ||    43
Dodge: Dodged            |    89 |    87 |    34 ||   210
